 Dungeon Crawl Stone Soup version 0.25.0-9-g26727b657a (webtiles) character file.

Game seed: 154284083052752052

46 Peloso the Covered (level 3, -1/33 HPs)
             Began as a Minotaur Fighter on June 21, 2020.
             Killed from afar by Ijyb (13 damage)
             ... with a bolt of acid
             ... on level 3 of the Dungeon.
             The game lasted 00:02:43 (1501 turns).

Peloso the Covered (Minotaur Fighter)               Turns: 1501, Time: 00:02:44

Health: -1/33      AC:  9    Str: 20    XL:     3   Next: 44%
Magic:  2/2        EV:  5    Int:  5    God:
Gold:   111        SH:  9    Dex: 10    Spells: 2/2 levels left

rFire    + . .     SeeInvis .   a - +0 long sword
rCold    . . .     Gourm    .   c - +0 kite shield
rNeg     . . .     Faith    .   r - +0 chain mail
rPois    .         Spirit   .   (helmet restricted)
rElec    .         Reflect  .   (no cloak)
rCorr    .         Harm     .   (no gloves)
MR       .....                  (no boots)
Stlth    ..........             (no amulet)
HPRegen  0.11/turn              i - ring of protection from fire
MPRegen  0.08/turn              (no ring)

@: mighty
A: retaliatory headbutt, horns 2
a: no special abilities


You were on level 3 of the Dungeon.
You were near starving.

You visited 1 branch of the dungeon, and saw 3 of its levels.

You collected 111 gold pieces.

Inventory:

Hand Weapons
 a - a +0 long sword (weapon)
Missiles
 q - 16 bolts
Armour
 b - a +0 scale mail
 c - a +0 kite shield (worn)
 r - a +0 chain mail (worn)
Jewellery
 i - a ring of protection from fire (left hand)
Scrolls
 e - a scroll of identify {unknown}
 g - 2 scrolls of random uselessness {unknown}
 j - a scroll of teleportation {unknown}
 k - a scroll of amnesia {unknown}
 n - a scroll of fear {unknown}
 p - a scroll of enchant weapon {unknown}
Potions
 d - a potion of might
Comestibles
 f - 8 rations


   Skills:
 + Level 4.1 Fighting
 + Level 3.1 Long Blades
 + Level 4.2 Armour
 + Level 0.3 Dodging
 + Level 4.1 Shields


You had 2 spell levels left.
You didn't know any spells.
Your spell library was empty.

Dungeon Overview and Level Annotations

Branches:
Dungeon (3/15)

Altars:
Elyvilon
The Shining One

Annotations:
D:3 Grinder, Ijyb


Innate Abilities, Weirdness & Mutations

You reflexively headbutt those who attack you in melee.
You have a pair of horns on your head.


Message History

The hobgoblin completely misses you. The rat bites you but does no damage.
You block the hobgoblin's attack. The rat bites you but does no damage.
You feel very mighty all of a sudden. You block the rat's attack.
You closely miss the rat.
Grinder blinks!
The rat barely misses you. Grinder hits you!
You writhe in agony.
You slash the rat!
You kill the rat!
You block Grinder's attack.
You slash Ijyb! Your headbutt misses Ijyb.
Ijyb is heavily wounded.
You block Grinder's attack.
You barely miss Ijyb.
Ijyb is heavily wounded.
Grinder hits you.
You writhe in agony.
Ijyb barely misses you. Grinder hits you but does no damage.
Ijyb hits you but does no damage.
You hit Ijyb.
Ijyb is severely wounded.
Grinder blinks!
Ijyb zaps a wand.
The bolt of acid hits you!
You die...

#.# ##.## ##.##
#####...#
..###...###...#.#.##
P....._.....P...#..#
.###...###...####.##
##.## ##### #.!# #
#.# ##.#.# ##.##
#########5#.###.#
#...#
#....ยง@gg.......#
#.P.#
#.#######...###.#
#...# #.# ##..#
##.## #.# ..#
#.####.# #..#
#......# ..#
######.######## #>#
#........# .#
#<######.# .#


You could see Grinder, Ijyb and a hobgoblin.

Vanquished Creatures
  An ooze (D:2)
  A worm (D:2)
  2 dart slugs (D:1)
  A leopard gecko (D:1)
  6 giant cockroaches
  6 goblins (D:1)
  3 hobgoblins
  A quokka (D:2)
  2 bats (D:1)
  2 frilled lizards
  A kobold (D:1)
  6 rats
32 creatures vanquished.

Notes
Turn   | Place    | Note
-------+----------+-------------------------------------------
     0 | D:1      | Peloso the Minotaur Fighter began the quest for the Orb.
     0 | D:1      | Reached XP level 1. HP: 19/19 MP: 0/0
    69 | D:1      | Reached XP level 2. HP: 27/27 MP: 1/1
   334 | D:1      | Found a glowing golden altar of the Shining One.
   521 | D:1      | Reached XP level 3. HP: 26/33 MP: 2/2
  1467 | D:3      | Found a white marble altar of Elyvilon.
  1490 | D:3      | Noticed Grinder
  1490 | D:3      | Noticed Ijyb
  1501 | D:3      | Killed from afar by Ijyb

Illustrated notes

Levels and vault maps discovered:
D:1:      roderic_octagonal_star, layout_basic, tso_altar
D:2:      layout_basic
D:3:      layout_basic, st_stairs_10, elyvilon_altar_1, uniq_grinder, uniq_ijyb

Skill      XL: |  1  2  3 |
---------------+----------+-----
Armour         | 4 |  4.2
Fighting       | 4 |  4.1
Long Blades    | 3 |  3.1
Shields        | 4 |  4.1
Dodging        | |  0.3

Action                   || total
-------------------------++-------
Melee: Long sword        ||    83
       Headbutt          ||    12
  Use: Potion            ||     6
Armor: Scale mail        ||    24
       Chain mail        ||     7
Dodge: Dodged            ||    23
Block: Kite shield       ||    44
       Rpst.: Long sword ||     6
